[Event "Chile-ch Women 2019"]
[Site "Santiago Las Condes"]
[Date "2019.02.12"]
[Round "2.8"]
[White "Luna Benalcazar, Gianella"]
[Black "abdala cancino, patricia anastassia"]
[Result "0-1"]
[ECO "D31"]
[WhiteElo "1804"]
[BlackElo "1534"]
[Annotator "NA RC"]
[PlyCount "90"]
[EventDate "2019.02.12"]
[EventType "swiss"]
[EventCountry "CHI"]
[SourceTitle "playchess.com"]
[Source "ChessBase"]
[SourceQuality "1"]
[TimeControl "5400+30"]

1. d4 d5 2. c4 e6 3. Nc3 c6 4. cxd5 exd5 5. Bf4 Bd6 6. Bg3 f5 {[%emt 0:02:39] D31: Queen's Gambit Declined: Semi-Slav without ...Nf6 (+ Marshall Gambit and Noteboom) and Exchange Variation lines without ...Nf6} (6... Ne7 7. e3 Nf5 8. Bxd6 Nxd6 9. Bd3 Bf5 10. Bxf5 Nxf5 11. Qg4 g6 12. e4 dxe4 13. Qxe4+ Ne7 14. h4 O-O {½-½ (43) Andreikin,D (2736)-Harikrishna,P (2766) Wijk aan Zee 2017}) 7. Bxd6 Qxd6 8. Nf3 Nf6 9. Ne5 Nbd7 10. f4 Ne4 11. e3 O-O $146 ({Predecessor:} 11... Nxc3 12. bxc3 O-O 13. Bd3 Nxe5 14. fxe5 Qh6 15. Qd2 f4 16. exf4 Rxf4 17. g3 Rf3 18. Qxh6 gxh6 19. Ke2 Rf8 {½-½ (19) Casafus,R (2360)-Diaz Hollemaert,N (2355) Buenos Aires 1998}) 12. Qc2 Nxe5 13. fxe5 (13. dxe5 $11 Qc5 14. Qc1) 13... Qh6 14. Nxe4 Qxe3+ 15. Qe2 Qxe2+ 16. Kxe2 fxe4 17. Rc1 Bg4+ 18. Ke3 Rf7 19. h3 {[%emt 0:00:47] [#]} Bh5 $1 20. b4 a6 21. Rc2 Raf8 22. Be2 {[%emt 0:00:52] [#]} Bxe2 $1 23. Rxe2 Rf1 $19 24. Re1 Rxh1 25. Rxh1 Kf7 26. a4 Ra8 27. Rb1 Ke6 28. Rb2 Rc8 29. Rf2 Ke7 30. a5 Rf8 31. Rxf8 Kxf8 32. h4 h6 33. h5 Ke7 34. g4 Kd7 35. Kf4 Kc7 36. Ke3 b6 37. axb6+ Kxb6 38. Kd2 Kc7 39. Ke3 Kd7 40. Kf4 Ke6 41. Ke3 c5 42. dxc5 Kxe5 43. Ke2 d4 44. Kd2 Kd5 45. Ke2 a5 0-1

[Event "Chile-ch Women 2019"]
[Site "Santiago Las Condes"]
[Date "2019.02.13"]
[Round "3.1"]
[White "Vargas Banda, Valentina"]
[Black "Jorquera Cabello, Valentina"]
[Result "1-0"]
[ECO "B33"]
[WhiteElo "1682"]
[BlackElo "2016"]
[Annotator "NA RC"]
[PlyCount "92"]
[EventDate "2019.02.12"]
[EventType "swiss"]
[EventCountry "CHI"]
[SourceTitle "playchess.com"]
[Source "ChessBase"]
[SourceQuality "1"]
[TimeControl "5400+30"]

1. e4 c5 2. Nf3 Nc6 3. d4 cxd4 4. Nxd4 Nf6 5. Nc3 e5 6. Ndb5 d6 7. a4 a6 8. Na3 Be7 9. Bc4 O-O 10. O-O Be6 11. Re1 Nb4 12. Bg5 Rc8 13. Bxf6 Bxc4 14. Bxe7 Qxe7 15. Re3 Be6 16. Qd2 f5 17. exf5 Rxf5 18. Ne4 d5 19. Ng3 Rg5 20. Rae1 Nc6 21. c3 Rg6 22. Nc2 Qh4 23. Nd4 Nxd4 24. cxd4 e4 25. Nf1 Bd7 26. b3 Rgc6 27. Rg3 Rc2 28. Qg5 Qxg5 29. Rxg5 Rf8 30. Ne3 Rcxf2 31. Nxd5 Be6 32. Ne7+ Kh8 33. d5 Bd7 34. h3 Rb2 35. Rxe4 Rxb3 36. Rh4 Re8 37. Re5 h6 38. Rd4 Kh7 39. d6 b5 40. axb5 axb5 41. Rc5 Re3 42. Rc7 Rd8 43. Kf2 Re6 44. g4 b4 45. Rb7 Be8 46. Nf5 Bd7 1-0

[Event "Chile-ch Women 2019"]
[Site "Santiago Las Condes"]
[Date "2019.02.13"]
[Round "3.2"]
[White "Aguilera Merlet, Melisa Paz"]
[Black "Gomez Barrera, Javiera Belen"]
[Result "0-1"]
[ECO "A48"]
[WhiteElo "1653"]
[BlackElo "1990"]
[Annotator "NA RC"]
[PlyCount "90"]
[EventDate "2019.02.12"]
[EventType "swiss"]
[EventCountry "CHI"]
[SourceTitle "playchess.com"]
[Source "ChessBase"]
[SourceQuality "1"]
[TimeControl "5400+30"]

1. d4 Nf6 2. Nf3 g6 3. Bf4 Bg7 4. h3 O-O 5. e3 d6 6. Be2 b6 7. O-O Bb7 8. a4 a6 9. Nbd2 Nbd7 10. Bh2 c5 11. c3 Re8 12. Qb3 Bd5 13. Bc4 Bxc4 14. Nxc4 Qc7 15. Ng5 $11 Rf8 16. Rfd1 h6 17. Nf3 Ne4 18. Nfd2 Nxd2 19. Rxd2 b5 20. Na3 Rfb8 21. Rc1 Qb7 22. Kh1 Ra7 23. Qc2 Qc6 24. axb5 axb5 25. Rdd1 c4 26. Nb1 Rba8 27. Nd2 Ra2 28. Rb1 Nf6 29. Rdc1 R8a6 30. f3 Nd5 31. Bg1 h5 32. e4 Nf4 33. Rd1 Nd3 34. d5 Qd7 35. Nf1 R6a3 36. Bd4 Bxd4 37. cxd4 Rb3 38. Rd2 Raxb2 39. Rxb2 Rxb2 40. Qd1 Nf2+ 41. Rxf2 Rxf2 42. Kg1 Ra2 43. Qb1 Qa7 44. Qd1 Qa3 45. Nd2 Qe3+ 0-1

[Event "Chile-ch Women 2019"]
[Site "Santiago Las Condes"]
[Date "2019.02.13"]
[Round "3.3"]
[White "Reyes Jara, Paula"]
[Black "Manriquez Abarzua, Maria Belen"]
[Result "1/2-1/2"]
[ECO "D45"]
[WhiteElo "1955"]
[BlackElo "1650"]
[Annotator "NA RC"]
[PlyCount "40"]
[EventDate "2019.02.12"]
[EventType "swiss"]
[EventCountry "CHI"]
[SourceTitle "playchess.com"]
[Source "ChessBase"]
[SourceQuality "1"]
[TimeControl "5400+30"]

1. d4 d5 2. c4 c6 3. Nc3 Nf6 4. e3 e6 5. Nf3 Nbd7 6. cxd5 exd5 7. Bd3 Bd6 8. O-O O-O 9. e4 dxe4 10. Nxe4 Nxe4 11. Bxe4 Nf6 {[%emt 0:00:08] D45: Semi-Slav: 5 e3} 12. Bc2 (12. Bg5 Be7 13. Bxf6 Bxf6 14. Qd3 g6 15. h3 Be6 16. Rfd1 Bd5 17. b3 Re8 18. Bxd5 Qxd5 19. Rac1 {½-½ (58) Krajnak,J (2079)-Timko,M (2052) Slovakia 2018}) 12... h6 13. Qd3 Re8 14. Bd2 Qc7 $146 ({Predecessor:} 14... Be6 15. Rfe1 Qc7 16. Bc3 Bd5 17. Ne5 g6 18. Qh3 Bf8 19. f4 {½-½ (47) Koci,L (1966)-Cermak,J (1740) Nachod 2013}) 15. g3 Bg4 16. Rfe1 Rxe1+ 17. Rxe1 Rd8 18. Nh4 Qd7 19. d5 (19. Ba5 $11) 19... Bf8 ({Don't play} 19... cxd5 $6 20. Bc3 $11) 20. Re5 $17 Qc7 1/2-1/2

[Event "Chile-ch Women 2019"]
[Site "Santiago Las Condes"]
[Date "2019.02.13"]
[Round "3.4"]
[White "Sanchez Tobar, Francisca Valenti"]
[Black "Hormazabal Figueroa, Constanza Va"]
[Result "1/2-1/2"]
[ECO "A21"]
[WhiteElo "1817"]
[BlackElo "1624"]
[Annotator "NA RC"]
[PlyCount "109"]
[EventDate "2019.02.12"]
[EventType "swiss"]
[EventCountry "CHI"]
[SourceTitle "playchess.com"]
[Source "ChessBase"]
[SourceQuality "1"]
[TimeControl "5400+30"]

1. c4 g6 2. Nc3 Bg7 3. g3 d6 4. e4 e5 5. Bg2 c6 6. Nge2 h5 7. h3 h4 8. d4 hxg3 9. fxg3 Nf6 10. Be3 Nbd7 11. Qd2 a6 12. a4 Qa5 13. d5 c5 14. g4 Rb8 15. Ra2 Qb4 16. a5 b5 17. cxb5 axb5 18. O-O Ra8 19. Rfa1 Ra6 20. Ng3 c4 21. Nb1 Qxd2 22. Nxd2 Nc5 23. Bxc5 dxc5 24. Kf2 Bd7 25. Ke2 Ke7 26. Ngf1 Rha8 27. Ne3 Bh6 28. Nef1 Ne8 29. Ng3 Nd6 30. Nf3 Bf4 31. Nf1 Nb7 32. Ne3 Rxa5 33. Rxa5 Rxa5 34. Rxa5 Nxa5 35. Nd2 Kd6 36. Bf3 Bxe3 37. Kxe3 g5 38. Be2 Nb3 39. Nf3 f6 40. Bd1 Nd4 41. Nd2 Bc8 42. Nf3 Nxf3 43. Bxf3 b4 44. Kd2 Ba6 45. Kc2 Bb5 46. Be2 Ba4+ 47. Kd2 Bb3 48. Bf1 Ba2 49. Kc2 Kc7 50. Be2 Kb6 51. Bf1 Bb3+ 52. Kd2 Kc7 53. Be2 Kd6 54. Bf1 Ba2 55. Kc2 1/2-1/2

[Event "Chile-ch Women 2019"]
[Site "Santiago Las Condes"]
[Date "2019.02.13"]
[Round "3.5"]
[White "Abdala Cancino, Patricia Anastas"]
[Black "Urrutia Cordova, Camila"]
[Result "1-0"]
[ECO "A05"]
[WhiteElo "1534"]
[BlackElo "1694"]
[Annotator "NA RC"]
[PlyCount "93"]
[EventDate "2019.02.12"]
[EventType "swiss"]
[EventCountry "CHI"]
[SourceTitle "playchess.com"]
[Source "ChessBase"]
[SourceQuality "1"]
[TimeControl "5400+30"]

1. e4 c5 2. d3 d6 3. g3 Nc6 4. Bg2 g6 5. Nf3 Bg7 6. c3 Nf6 7. O-O O-O 8. Re1 Rb8 9. Nbd2 Nd7 10. Nf1 b5 11. Ne3 e6 12. h4 b4 13. Qc2 Ba6 14. Ng4 h5 15. Ngh2 Nce5 16. Rd1 Qa5 17. d4 cxd4 18. cxd4 Rfc8 19. Qb1 Be2 20. Rd2 Nxf3+ 21. Nxf3 Ba6 22. b3 Rc7 23. Bb2 Rbc8 24. Bf1 Bb7 25. Bd3 Nf6 26. Qe1 d5 27. e5 Ne4 28. Bxe4 dxe4 29. Ng5 Qd5 30. Re2 Rc2 31. Rd1 e3 32. f3 Ba6 33. Rxc2 Rxc2 34. Bc1 e2 35. Rd2 Rc3 36. Bb2 Rc7 37. Kf2 f6 38. exf6 Bxf6 39. Ne4 Bg7 40. Qb1 Rf7 41. Ng5 Rf6 42. Qe4 Qd7 43. d5 exd5 44. Rxd5 Rd6 45. Rxd6 Qxd6 46. Qe8+ Bf8 47. Qf7# 1-0

[Event "Chile-ch Women 2019"]
[Site "Santiago Las Condes"]
[Date "2019.02.13"]
[Round "3.6"]
[White "Ruiz Olate, Emily Andrea"]
[Black "Vildosola Canales, Melany"]
[Result "1/2-1/2"]
[ECO "A16"]
[WhiteElo "1892"]
[BlackElo "1531"]
[Annotator "NA RC"]
[PlyCount "65"]
[EventDate "2019.02.12"]
[EventType "swiss"]
[EventCountry "CHI"]
[SourceTitle "playchess.com"]
[Source "ChessBase"]
[SourceQuality "1"]
[TimeControl "5400+30"]

1. c4 Nf6 2. Nc3 d5 3. cxd5 Nxd5 4. Qb3 Nxc3 5. bxc3 g6 6. g3 Bg7 7. Bg2 c6 8. Nf3 Nd7 9. Ba3 Nb6 10. O-O O-O 11. Rad1 Be6 12. Qc2 Re8 13. Ng5 Bc4 14. d3 Bb5 15. Qd2 Ba4 16. Qf4 {[%emt 0:04:36] [#]} Bf6 $1 17. Ne4 $17 Bxd1 18. Rxd1 Nd5 19. Nxf6+ exf6 20. Qd2 Qa5 21. Bb4 Nxb4 22. cxb4 Qe5 23. Bf3 Rad8 24. Qc2 f5 25. Qc4 Rd4 26. Qb3 f4 27. a4 fxg3 28. hxg3 h5 29. Kg2 Qe6 30. Qc3 Qd6 31. Rb1 Qe5 32. Rd1 Qd6 33. Rb1 1/2-1/2

[Event "Chile-ch Women 2019"]
[Site "Santiago Las Condes"]
[Date "2019.02.13"]
[Round "3.8"]
[White "Abarca Gonzalez, Damaris"]
[Black "Yarur Rescaglio, Maria Jose"]
[Result "1-0"]
[ECO "B34"]
[WhiteElo "2039"]
[BlackElo "1279"]
[Annotator "NA RC"]
[PlyCount "103"]
[EventDate "2019.02.12"]
[EventType "swiss"]
[EventCountry "CHI"]
[SourceTitle "playchess.com"]
[Source "ChessBase"]
[SourceQuality "1"]
[TimeControl "5400+30"]

1. e4 c5 2. Nf3 Nc6 3. d4 cxd4 4. Nxd4 g6 5. Nc3 Bg7 6. Be3 Nf6 7. f3 O-O 8. Qd2 d5 9. Nxc6 bxc6 10. e5 Nd7 {[%emt 0:02:27] B34: Sicilian: Accelerated Dragon with 5 Nc3: sidelines} 11. f4 Nb6 (11... e6 12. Be2 c5 13. Bf2 Bb7 14. Bf3 Rb8 15. Ne2 d4 16. Bxb7 Rxb7 17. c3 Nb6 18. cxd4 Nc4 19. Qc3 Nxb2 20. dxc5 {0-1 (40) Gomes,M (2354)-Kosintseva,T (2483) Sochi 2015}) 12. Be2 Qc7 13. O-O Be6 $146 ({Predecessor:} 13... Rd8 14. Bc5 Bf8 15. Rad1 Rb8 16. Qd4 e6 17. Ne4 Bxc5 18. Nxc5 Nd7 19. Nxd7 Rxd7 20. b4 Qb6 21. a3 Rc7 22. Qxb6 Rxb6 {½-½ (22) Cap,A (1999)-Simonik,A (1921) Czechia 2012}) 14. Bc5 Rad8 15. Qe3 Qd7 16. Rad1 Qc7 17. g4 Bc8 18. h4 Nc4 19. Qc1 f6 20. exf6 Rxf6 21. b3 Nd6 22. Qd2 Rdf8 23. Rf2 (23. Bd4 $17) 23... R6f7 24. Bd4 $19 e5 25. fxe5 Rxf2 26. Bxf2 Bxe5 27. Rf1 Be6 28. Bd4 Bh2+ 29. Kg2 Rxf1 30. Kxf1 Qf7+ 31. Kg2 Bf4 32. Qd3 Qd7 33. Qf3 Bh6 34. Na4 Ne4 35. Nc5 Nxc5 36. Bxc5 d4 37. Qe4 Bd5 38. Bc4 Bxc4 39. bxc4 Be3 40. Qf3 Qf7 41. Qxf7+ Kxf7 42. Bxa7 Ke6 43. Bc5 Ke5 44. Kf3 h6 45. a4 Ke6 46. a5 Kd7 47. a6 Kc7 48. c3 Bg1 49. cxd4 Kb8 50. Ke4 Kc7 51. Ke5 Kb8 52. Kd6 1-0

[Event "Chile-ch Women 2019"]
[Site "Santiago Las Condes"]
[Date "2019.02.14"]
[Round "4.1"]
[White "Gomez Barrera, Javiera Belen"]
[Black "Vargas Banda, Valentina"]
[Result "1-0"]
[ECO "B99"]
[WhiteElo "1990"]
[BlackElo "1682"]
[Annotator "NA RC"]
[PlyCount "41"]
[EventDate "2019.02.12"]
[EventType "swiss"]
[EventCountry "CHI"]
[SourceTitle "playchess.com"]
[Source "ChessBase"]
[SourceQuality "1"]
[TimeControl "5400+30"]

1. e4 c5 2. Nf3 d6 3. d4 cxd4 4. Nxd4 Nf6 5. Nc3 a6 6. Bg5 e6 7. f4 Be7 8. Qf3 Qc7 9. O-O-O Nbd7 10. g4 b5 11. Bxf6 Nxf6 12. g5 Nd7 13. f5 Bxg5+ 14. Kb1 {[%emt 0:00:01] LiveBook: 380 Games} b4 $18 ({Black should play} 14... O-O $14) 15. fxe6 Nf6 16. Nd5 Nxd5 17. exd5 O-O 18. Bd3 g6 19. Rdf1 Bb7 20. Rhg1 fxe6 21. Qxf8+ 1-0

[Event "Chile-ch Women 2019"]
[Site "Santiago Las Condes"]
[Date "2019.02.14"]
[Round "4.2"]
[White "Manriquez Abarzua, Maria Belen"]
[Black "Abdala Cancino, Patricia Anastas"]
[Result "1-0"]
[ECO "C48"]
[WhiteElo "1650"]
[BlackElo "1534"]
[Annotator "NA RC"]
[PlyCount "105"]
[EventDate "2019.02.12"]
[EventType "swiss"]
[EventCountry "CHI"]
[SourceTitle "playchess.com"]
[Source "ChessBase"]
[SourceQuality "1"]
[TimeControl "5400+30"]

1. e4 e5 2. Nf3 Nc6 3. Nc3 Nf6 4. Bb5 Bc5 5. O-O Qe7 6. d3 O-O 7. Bg5 a6 8. Nd5 Qd8 9. Bxc6 dxc6 10. Nxf6+ gxf6 11. Bh6 Re8 12. Nh4 Bf8 13. Bxf8 Rxf8 14. Kh1 Kh8 15. f4 Rg8 16. fxe5 fxe5 17. Qh5 Qg5 18. Qxg5 Rxg5 19. Rxf7 Rg7 20. Raf1 Be6 21. Rxg7 Kxg7 22. b3 a5 23. Nf3 Re8 24. h3 Bg8 25. Nh4 a4 26. Rf5 axb3 27. axb3 Bf7 28. Nf3 Bg6 29. Rxe5 Rxe5 30. Nxe5 Bh5 31. g4 Be8 32. Kg2 Kf6 33. d4 c5 34. c3 cxd4 35. cxd4 c5 36. Nf3 cxd4 37. Nxd4 Ke5 38. Nf5 Bc6 39. Ng3 Kf4 40. Kf2 b6 41. Nh5+ Kxe4 42. Nf6+ Kd3 43. Nxh7 Kc3 44. h4 Kxb3 45. h5 Ka3 46. Nf6 Ba4 47. Ke3 b5 48. h6 Bc2 49. Ne4 Bxe4 50. Kxe4 b4 51. h7 b3 52. h8=Q b2 53. Qxb2+ 1-0

[Event "Chile-ch Women 2019"]
[Site "Santiago Las Condes"]
[Date "2019.02.14"]
[Round "4.3"]
[White "Hormazabal Figueroa, Constanza Va"]
[Black "Reyes Jara, Paula"]
[Result "0-1"]
[ECO "C54"]
[WhiteElo "1624"]
[BlackElo "1955"]
[Annotator "NA RC"]
[PlyCount "72"]
[EventDate "2019.02.12"]
[EventType "swiss"]
[EventCountry "CHI"]
[SourceTitle "playchess.com"]
[Source "ChessBase"]
[SourceQuality "1"]
[TimeControl "5400+30"]

1. e4 e5 2. Nf3 Nc6 3. Bc4 Bc5 4. c3 Nf6 5. d3 d6 6. a4 a6 7. O-O O-O 8. Re1 Bg4 9. Nbd2 Qd7 10. Nf1 $14 Bxf3 11. Qxf3 Qg4 12. Qg3 Kh8 13. h3 Qg6 14. Qf3 Nh5 15. g4 Ne7 16. Kh2 Nf6 17. Ng3 c6 18. Nf5 Nfg8 19. g5 d5 20. Nxe7 Bxe7 21. exd5 Rad8 22. dxc6 bxc6 23. Bxa6 f5 24. gxf6 Rxf6 25. Qg3 Qf7 26. Bc4 Qf8 27. Re2 Rf3 28. Qg2 Rd6 29. Be3 Rg6 30. Qh1 Qf5 31. Qf1 e4 32. Bc5 Bxc5 33. dxe4 Qe5+ 34. Kh1 Bd6 35. Qg2 Rxg2 36. Kxg2 Rf8 0-1

[Event "Chile-ch Women 2019"]
[Site "Santiago Las Condes"]
[Date "2019.02.14"]
[Round "4.4"]
[White "Vildosola Canales, Melany"]
[Black "Sanchez Tobar, Francisca Valenti"]
[Result "1/2-1/2"]
[ECO "D91"]
[WhiteElo "1531"]
[BlackElo "1817"]
[Annotator "NA RC"]
[PlyCount "130"]
[EventDate "2019.02.12"]
[EventType "swiss"]
[EventCountry "CHI"]
[SourceTitle "playchess.com"]
[Source "ChessBase"]
[SourceQuality "1"]
[TimeControl "5400+30"]

1. d4 Nf6 2. c4 g6 3. Nc3 Bg7 4. Nf3 O-O 5. Bg5 d5 6. e3 Ne4 $14 {[%emt 0:19:59] LiveBook: 4 Games} 7. cxd5 Nxg5 8. Nxg5 e6 9. Nf3 exd5 10. b4 Re8 11. Be2 Be6 12. O-O Nd7 13. Qc2 a6 14. a4 Qe7 15. Rab1 Nf6 16. Rfc1 Rad8 17. b5 a5 18. Na2 Rc8 19. Qd2 b6 20. Nc3 Red8 21. Ne5 Bd7 22. Bd3 Be8 23. Ne2 Ne4 24. Bxe4 Bxe5 25. Bf3 Bd6 26. Qa2 Ba3 27. Rc2 c6 28. bxc6 Rxc6 29. Rxc6 Bxc6 30. Rxb6 Bxa4 31. Bxd5 Be8 32. Nf4 Bb4 33. Qc4 Kg7 34. Nd3 Bd6 35. Rb7 Bd7 36. Nc5 a4 37. Nxd7 Rxd7 38. Rxd7 Qxd7 39. Bc6 Qc7 40. g3 a3 41. Bd5 Qxc4 42. Bxc4 f6 43. Kf1 Kf8 44. Ke2 Ke7 45. Kd3 Bb4 46. f3 h5 47. h3 Be1 48. g4 Bb4 49. Kc2 h4 50. e4 Bd6 51. Kb3 g5 52. Ka4 Kd7 53. Kb5 Kc7 54. Ba2 Kd7 55. Kc4 Kc6 56. Bb3 Bf4 57. Ba4+ Kd6 58. Bb3 Bd2 59. Kd3 Bc1 60. Kc4 Bd2 61. Kd3 Bc1 62. Kc4 Bd2 63. Kd3 Bc1 64. Kc4 Bd2 65. Kd3 Bc1 1/2-1/2

[Event "Chile-ch Women 2019"]
[Site "Santiago Las Condes"]
[Date "2019.02.14"]
[Round "4.5"]
[White "Abarca Gonzalez, Damaris"]
[Black "Romero Troncoso, Liset Anais"]
[Result "1-0"]
[ECO "B00"]
[WhiteElo "2039"]
[BlackElo "1604"]
[Annotator "NA RC"]
[PlyCount "113"]
[EventDate "2019.02.12"]
[EventType "swiss"]
[EventCountry "CHI"]
[SourceTitle "playchess.com"]
[Source "ChessBase"]
[SourceQuality "1"]
[TimeControl "5400+30"]

1. d4 e6 2. e4 b6 3. Nf3 Bb7 4. Bd3 d6 {[%emt 0:05:36] LiveBook: 174 Games} 5. O-O Nd7 6. Re1 e5 {[%emt 0:01:42] B00: Queen's Fianchetto Defence, Nimzowitsch Defence} (6... g6 7. Nbd2 Bg7 8. c3 a6 9. Nf1 e5 10. h3 Ngf6 11. Ng3 O-O 12. Bg5 h6 13. Be3 Re8 14. Qc2 Qe7 {½-½ (14) Alekseev,E (2620)-Kamsky,G (2675) St Petersburg 2018}) 7. c3 Ngf6 8. Nbd2 Be7 9. Nf1 O-O 10. Ng3 Re8 11. Bc4 $146 ({Predecessor:} 11. Qb3 h6 12. Nf5 {1-0 (45) Nun,J (2236)-Vrnata,J (2060) Czechia 2013}) 11... c6 12. dxe5 Nxe5 13. Nxe5 dxe5 14. Qb3 Rf8 15. Nf5 Bc5 16. h3 b5 17. Bf1 Qb6 18. Qc2 a5 19. Bg5 Nh5 20. Rad1 h6 21. Be3 Rad8 22. b4 Bxe3 23. Rxe3 Bc8 24. Ne7+ Kh8 25. Nxc8 Rxc8 26. Red3 Nf6 27. Rd6 Rfd8 28. bxa5 Qxa5 29. c4 Rxd6 30. Rxd6 Qb4 31. Rd1 Ra8 32. cxb5 cxb5 33. f3 Qa5 34. Qc5 Qxa2 35. Bxb5 Qb3 36. Re1 Ra5 37. Qc8+ Kh7 38. Qf5+ Kg8 39. Bf1 Qb6+ 40. Kh2 g6 41. Qc8+ Kg7 42. Qc2 Nh5 43. g3 Qe6 44. Rb1 Ra2 45. Rb2 Ra1 46. Bc4 $11 Qc6 47. Bd5 Qxc2+ 48. Rxc2 Nf6 49. Bc6 Ra5 50. Kg2 Kf8 51. Bb7 Ke7 52. Rc7+ Nd7 53. Bd5 f6 54. Kf2 Rc5 55. Bc6 Kf8 56. Rc8+ Ke7 57. Bxd7 1-0

[Event "Chile-ch Women 2019"]
[Site "Santiago Las Condes"]
[Date "2019.02.14"]
[Round "4.6"]
[White "Jorquera Cabello, Valentina"]
[Black "Aguilera Merlet, Melisa Paz"]
[Result "1-0"]
[ECO "B51"]
[WhiteElo "2016"]
[BlackElo "1653"]
[Annotator "NA RC"]
[PlyCount "62"]
[EventDate "2019.02.12"]
[EventType "swiss"]
[EventCountry "CHI"]
[SourceTitle "playchess.com"]
[Source "ChessBase"]
[SourceQuality "1"]
[TimeControl "5400+30"]

1. e4 c5 2. Nf3 d6 3. Bb5+ Nd7 4. d4 cxd4 5. Qxd4 Ngf6 6. Bg5 a6 7. Bxd7+ {[%emt 0:00:08] LiveBook: 29 Games B51: Sicilian: Moscow Variation (3 Bb5+) without 3...Bd7} Nxd7 8. O-O h6 $146 ({Predecessor:} 8... f6 9. Be3 e6 10. Nbd2 Ne5 11. Nxe5 fxe5 12. Qc3 Bd7 13. f4 Rc8 {0-1 (22) Isserman,R (2273)-Hamdouchi,H (2588) Nice 2003}) 9. Bh4 b5 10. Rd1 Bb7 11. Nc3 Qb6 12. Qd2 e6 13. b4 Rc8 14. Re1 $2 (14. Rab1 $17) 14... Qc7 15. Re3 Nb6 16. Qe1 Nc4 17. Re2 Na3 18. Nd5 $1 Bxd5 19. exd5 Nxc2 20. Rxc2 $2 (20. Rxe6+ $1 $11 {and White is okay.} fxe6 21. Qxe6+ Be7 {[#]} 22. Bxe7 $1 ) 20... Qxc2 21. dxe6 f6 22. Bg3 Be7 23. Nd4 Qc7 (23... Qg6 $17 24. a3 Rc4) 24. h4 O-O 25. Nf5 Rfd8 26. Rd1 Kf8 $18 (26... Re8 $16) 27. Qe2 Kg8 28. Qg4 Bf8 29. Nxh6+ Kh7 30. Nf7 g6 31. h5 Bh6 1-0

[Event "Chile-ch Women 2019"]
[Site "Santiago Las Condes"]
[Date "2019.02.14"]
[Round "4.7"]
[White "Arbunic Castro, Giovanna"]
[Black "Melipichun Torres, Katerine"]
[Result "1/2-1/2"]
[ECO "D53"]
[WhiteElo "1995"]
[BlackElo "1640"]
[Annotator "NA RC"]
[PlyCount "61"]
[EventDate "2019.02.12"]
[EventType "swiss"]
[EventCountry "CHI"]
[SourceTitle "playchess.com"]
[Source "ChessBase"]
[SourceQuality "1"]
[TimeControl "5400+30"]

1. Nf3 e6 2. c4 d5 3. d4 Nf6 4. Bg5 Nbd7 5. Nc3 c6 6. e3 Be7 7. Qc2 Qc7 {[%emt 0:02:29] D53: Queen's Gambit Declined: 4 Bg5 Be7: Early deviations} (7... O-O 8. a3 h6 9. Bh4 a6 10. Rd1 b6 11. Bd3 Bb7 12. O-O Rc8 13. Qe2 dxc4 14. Bxc4 b5 15. Ba2 c5 16. Ne5 Qc7 17. Bg3 Bd6 18. Nxd7 Nxd7 {0-1 (42) Shankland,S (2674)-Mamedyarov,S (2766) chess.com INT 2017}) 8. O-O-O dxc4 $146 ({Predecessor:} 8... h6 9. Bh4 g5 10. Bg3 Bd6 11. e4 dxe4 12. Nxe4 Nxe4 13. Qxe4 Nf6 14. Qc2 Bxg3 15. hxg3 g4 16. Ne5 c5 17. Qd2 Nd7 18. Rxh6 Rxh6 19. Qxh6 cxd4 {1-0 (19) Takehara,A (1758)-Gomes,C (1562) Florianopolis 2019}) 9. e4 (9. Bxc4 $14 {stays ahead.} h6 10. Bh4) 9... b5 10. e5 Nd5 11. Ne4 f6 12. exf6 gxf6 13. Bd2 Bb7 14. g3 Nb4 15. Bxb4 Bxb4 16. Bh3 O-O-O 17. Bxe6 Kb8 18. a3 Be7 19. Rhe1 c5 20. dxc5 Bxe4 21. Rxe4 Nxc5 22. Re2 Rxd1+ 23. Qxd1 $19 Rd8 24. Qc2 Nd3+ 25. Kb1 Qc6 26. Bxc4 bxc4 27. Rxe7 Qxf3 28. Qxc4 Qd1+ 29. Ka2 Nc1+ 30. Ka1 Nb3+ 31. Ka2 1/2-1/2

[Event "Chile-ch Women 2019"]
[Site "Santiago Las Condes"]
[Date "2019.02.14"]
[Round "4.8"]
[White "Zuniga Lara, Catalina Paz"]
[Black "Ruiz Olate, Emily Andrea"]
[Result "1/2-1/2"]
[ECO "E73"]
[WhiteElo "1617"]
[BlackElo "1892"]
[Annotator "NA RC"]
[PlyCount "73"]
[EventDate "2019.02.12"]
[EventType "swiss"]
[EventCountry "CHI"]
[SourceTitle "playchess.com"]
[Source "ChessBase"]
[SourceQuality "1"]
[TimeControl "5400+30"]

1. d4 Nf6 2. Nf3 g6 3. c4 Bg7 4. Nc3 d6 5. Bg5 a6 6. e4 O-O 7. Be2 {[%emt 0:00:18] LiveBook: 69 Games} Nbd7 8. O-O c5 $14 9. Rc1 Rb8 10. dxc5 Nxc5 11. Qc2 Bd7 12. b4 Ne6 13. Bxf6 Bxf6 14. Nd5 Bg7 15. Rfd1 Bh6 16. Rb1 Nf4 17. Nxf4 Bxf4 18. g3 Bh6 19. e5 Qc7 20. exd6 exd6 21. h4 Rfc8 22. Ng5 b5 23. c5 dxc5 24. Qxc5 Qxc5 25. bxc5 Bf5 26. Rbc1 f6 27. g4 fxg5 28. gxf5 gxh4 29. Rc3 Bf4 30. fxg6 hxg6 31. c6 Rd8 32. Rd7 Rxd7 33. cxd7 Rd8 34. Bg4 Kf7 35. Rc6 a5 36. Rc5 b4 37. Rxa5 1/2-1/2

[Event "Chile-ch Women 2019"]
[Site "Santiago Las Condes"]
[Date "2019.02.14"]
[Round "5.1"]
[White "Reyes Jara, Paula"]
[Black "Gomez Barrera, Javiera Belen"]
[Result "1-0"]
[ECO "C54"]
[WhiteElo "1955"]
[BlackElo "1990"]
[Annotator "NA RC"]
[PlyCount "59"]
[EventDate "2019.02.12"]
[EventType "swiss"]
[EventCountry "CHI"]
[SourceTitle "playchess.com"]
[Source "ChessBase"]
[SourceQuality "1"]
[TimeControl "5400+30"]

1. e4 e5 2. Nf3 Nc6 3. Bc4 Bc5 4. c3 Nf6 5. d3 {[%emt 0:00:06] LiveBook: 6731 Games} d6 6. O-O a6 7. h3 {[%emt 0:03:22] C54: Giuoco Piano: 4 c3 Nf6, main lines with 5 d4 and 5 d3} (7. a4 O-O 8. Bg5 h6 9. Bh4 g5 10. Bg3 Ba7 11. Nbd2 Nh7 12. h3 h5 13. d4 h4 14. Bh2 g4 15. hxg4 Bxg4 16. dxe5 dxe5 {1-0 (45) Duda,J (2738)-Kramnik,V (2777) Wijk aan Zee 2019}) 7... Ba7 8. Bb3 O-O 9. Bg5 h6 10. Be3 Re8 11. Nbd2 d5 $146 ({Predecessor:} 11... Be6 12. Ba4 b5 13. Bc2 d5 14. Bxa7 Rxa7 15. a4 Qb8 {½-½ (60) Royset,P (2243)-Stigar,P (2225) Norway 2014}) 12. Bxa7 Rxa7 13. Qe2 Be6 14. Rad1 Ra8 15. Nh2 Ne7 16. f4 ({White should try} 16. d4 $11 exd4 17. e5) 16... exf4 17. e5 Nd7 18. d4 Ng6 19. Bc2 Ndf8 20. Ndf3 Qc8 21. Ne1 $17 Bf5 22. Nd3 Ne6 23. Qh5 Be4 24. Ng4 c5 25. Bb1 cxd4 26. cxd4 Nxd4 27. Nxf4 Nxf4 28. Nxh6+ Kh7 29. Rxf4 Bg6 30. Nxf7+ 1-0